 Dungeon Crawl Stone Soup version 0.31-a0-1576-ga3383bade6 (webtiles) character file.

Game seed: 13766866071287029941

222969 Midn8 the Unseen (level 18, -5/83 HPs)
             Began as a Vine Stalker Earth Elementalist on Dec 22, 2023.
             Was the Champion of Hepliaklqana.
             Killed from afar by a lindwurm (9 damage)
             ... with a blast of flame
             ... on level 2 of the Vaults on Jan 5, 2024.
             The game lasted 03:05:32 (40077 turns).

Midn8 the Unseen (Vine Stalker Earth Elementalist) Turns: 40077, Time: 03:05:34

Health: -5/83      AC: 18    Str: 11    XL:     18   Next: 77%
Magic:  0/33       EV: 19    Int: 24    God:    Hepliaklqana [******]
Gold:   2776       SH: 17    Dex: 15    Spells: 9/37 levels left

rFire   . . .        T - +6 short sword (distort)
rCold   . . .        J - +0 kite shield {reflect}
rNeg    . . .        f - +2 robe of the Cockatrice {+Blink}
rPois   .            Y - +2 helmet {Int+3}
rElec   .            K - +2 cloak
rCorr   .            h - +2 pair of gloves
SInv    .            X - +2 pair of boots
Will    +++..        m - amulet of reflection
Stlth   ++++++       C - ring of willpower
HPRegen 1.13/turn    x - +5 ring of evasion
MPRegen 0.23/turn

%: reflection, guardian spirit
@: lethally poisoned (-5 -> -6), studying Axes
A: reduced essence, fangs 3, regeneration 1, magic shield, antimagic bite, no
potion heal 2, iridescent scales 1, clumsy 1, sturdy frame 1
}: 2/15 runes: barnacled, gossamer
a: Renounce Religion, Evoke Blink, Recall Ancestor, Ancestor Identity,
Transference, Idealise


You were on level 2 of the Vaults.
You worshipped Hepliaklqana.
Hepliaklqana was exalted by your worship.
You visited 6 branches of the dungeon, and saw 32 of its levels.

You collected 3100 gold pieces.
You spent 324 gold pieces at shops.

Inventory:

Hand Weapons
 T - a +6 short sword of distortion (weapon)
Missiles
 i - 2 throwing nets
 k - 2 atropa-tipped darts
 u - 50 poisoned darts (quivered)
 D - 16 curare-tipped darts
 N - 38 boomerangs
 W - 8 silver javelins
 Z - 17 javelins
Armour
 f - the +2 robe of the Cockatrice (worn) {+Blink}
   (You found it on level 3 of the Dungeon)

   +Blink:    It lets you blink.
 h - a +2 pair of gloves (worn)
 A - a +1 tower shield of fire resistance
 J - a +0 kite shield of reflection (worn)
 K - a +2 cloak (worn)
 P - the +10 plate armour of Panentheism {Fly MP+9 Dex+2}
   (You found it on level 10 of the Dungeon)

   Dex+2:     It affects your dexterity (+2).
   MP+9:      It affects your magic capacity (+9).
   Fly:       It grants you flight.
 X - a +2 pair of boots (worn)
 Y - a +2 helmet of intelligence (worn)
Jewellery
 c - an amulet of regeneration
 m - an amulet of reflection (around neck)
 x - a +5 ring of evasion (right hand)
 C - a ring of willpower (left hand)
 R - a +6 ring of strength
Wands
 w - a wand of roots (39)
 B - a wand of polymorph (6)
 E - a wand of mindburst (31)
 I - a wand of flame (38)
 L - a wand of paralysis (13)
 U - a wand of digging (10)
Scrolls
 j - 4 scrolls of vulnerability
 n - 14 scrolls of identify
 o - 2 scrolls of blinking
 t - 12 scrolls of teleportation
 v - 2 scrolls of fog
 z - a scroll of butterflies
 O - 2 scrolls of revelation
 Q - a scroll of fear
 V - 4 scrolls of poison
Potions
 a - 3 potions of invisibility
 b - 2 potions of magic
 e - 6 potions of haste
 g - 5 potions of might
 l - 6 potions of mutation
 p - 8 potions of curing
 q - 4 potions of berserk rage
 r - 3 potions of cancellation
 s - a potion of brilliance
 F - a potion of resistance
 G - a potion of enlightenment
 M - 4 potions of attraction
 S - 3 potions of ambrosia
Miscellaneous
 d - a phantom mirror
 y - a phial of floods


   Skills:
 - Level 10.0 Fighting
 - Level 10.0 Short Blades
 + Level 7.0 Dodging
 - Level 15.3 Stealth
 - Level 10.8 Shields
 - Level 10.0 Spellcasting
 - Level 14.0 Conjurations
 - Level 14.0 Earth Magic
 - Level 8.0 Alchemy
 - Level 8.0 Invocations
 - Level 4.0 Evocations


You had 9 spell levels left.
You knew the following spells:

 Your Spells              Type           Power      Damage    Failure   Level
a - Leda's Liquefaction   Alch/Erth      29%        N/A       1%          4
c - Mephitic Cloud        Conj/Alch/Air  47%        N/A       1%          3
e - Lee's Rapid Deconstr  Erth           34%        3d17*     1%          5
f - Petrify               Alch/Erth      59%        N/A       1%          4
r - Bombard               Conj/Erth      34%        9d6       7%          6
s - Stone Arrow           Conj/Erth      100%       3d13      1%          3
w - Passwall              Erth           68%        N/A       1%          3

Your spell library contained the following spells:

 Spells                   Type           Power      Damage    Failure   Level
 Kiss of Death            Conj/Necr      100%       2d13      1%          1
 Sandblast                Erth           100%       2d20      1%          1
 Shock                    Conj/Air       100%       1d9       1%          1
 Brom's Barrelling Bould  Conj/Erth      68%        2d8       1%          4
 Iskenderun's Battlesphe  Conj           68%        2d12      1%          5
 Dazzling Flash           Conj/Hex       90%        N/A       2%          3
 Hailstorm                Conj/Ice       45%        3d10      2%          3
 Cigotuvi's Dreadful Rot  Necr/Alch/Air  48%        N/A       7%          2
 Freeze                   Ice            48%        1d6       14%         1
 Summon Small Mammal      Summ           48%        N/A       14%         1
 Lesser Beckoning         Tloc           24%        N/A       21%         2
 Arcjolt                  Conj/Air       22%        1d32      22%         5
 Fireball                 Conj/Fire      22%        3d10      22%         5
 Orb of Destruction       Conj           34%        9d10      36%         7
 Call Canine Familiar     Summ           12%        N/A       38%         3
 Frozen Ramparts          Ice            24%        1d4       38%         3
 Fugue of the Fallen      Necr           12%        N/A       38%         3
 Ozocubu's Armour         Ice            12%        N/A       38%         3
 Summon Ice Beast         Ice/Summ       12%        N/A       38%         3
 Swiftness                Air            12%        N/A       38%         3
 Tukima's Dance           Hex            12%        N/A       38%         3
 Volatile Blastmotes      Fire/Tloc      24%        2d12      38%         3
 Yara's Violent Unravell  Hex/Alch       15%        3d8       58%         5
 Conjure Ball Lightning   Conj/Air       22%        3x3d6     75%         6
 Starburst                Conj/Fire      22%        6d8       75%         6
 Airstrike                Air            6%         2d(1-17)  80%         4
 Manifold Assault         Tloc           12%        N/A       80%         4
 Passage of Golubria      Tloc           12%        N/A       80%         4
 Summon Blazeheart Golem  Fire/Summ      12%        N/A       80%         4
 Vhi's Electric Charge    Tloc/Air       24%        N/A       80%         4
 Curse of Agony           Necr           12%        N/A       98%         5
 Silence                  Hex/Air        6%         N/A       98%         5
 Sculpt Simulacrum        Ice/Alch       15%        N/A       99%         6
 Plasma Beam              Fire/Air       6%         2x1d16    100%        6
 Haunt                    Necr/Summ      6%         N/A       100%        7
 Borgnjor's Revivificati  Necr           6%         N/A       100%        8
 Maxwell's Capacitive Co  Air            6%         ∞         100%        8
 Death's Door             Necr           6%         N/A       100%        9


Dungeon Overview and Level Annotations

Branches:
Dungeon (15/15)            Temple (0/1) D:4            Lair (5/5) D:10
 Shoals (4/4) Lair:2       Spider (4/4) Lair:2        Slime (0/5) Lair:4
    Orc (2/2) D:10            Elf (0/3) Orc:2        Vaults (2/5) D:14
 Depths (0/4) D:15
  Crypt: Vaults:2-3

Altars:
Elyvilon
Fedhas
Gozag
Hepliaklqana
Kikubaaqudgha
Makhleb
Qazlal
Ru
Trog
Xom
Yredelemnul
Zin
Jiyva

Shops:
D:8 ?   D:15 =   Orc:2 =[(

Annotations:
D:6 3 runed translucent doors, DApurpleWHUMPUS's ghost, novice OnFE
D:7 3 runed translucent doors, hgbash's ghost, novice TrFi
D:8 2 transporters
D:15 3 runed translucent doors, Bialiabluu's ghost, adept GrEE
Shoals:3 exclusion: oklob plant
Shoals:4 11 exclusions, Ilsuiw; Mara


Innate Abilities, Weirdness & Mutations

Your life essence is reduced to manifest your ancestor. (-10% HP)
You have razor-sharp teeth.
Your natural rate of healing is unusually fast.
When hurt, damage is shared between your health and your magic reserves.
Your bite disrupts and absorbs the magic of your enemies.
Potions cannot restore your health.
You are partially covered in iridescent scales. (AC +2)
You are clumsy. (Dex -2)
Your movements are slightly less encumbered by armour. (ER -2)


Message History

Aiming: Bombard (dangerous; 7% risk of failure)
Press: ? - help, Shift-Dir - straight line, f/p - formless jellyfish
Aim: a formless jellyfish (translocational energy, heavily wounded, petrifying slowly, ally target, magic disrupted, 100% to hit)
McStabby avoids your attack.
The iron shot hits the formless jellyfish!!!
The formless jellyfish is severely wounded.
You feel very sick.
McStabby points at the formless jellyfish and mumbles some strange words.
The formless jellyfish appears confused.
The formless jellyfish closely misses McStabby.
Casting: Bombard (dangerous; 7% risk of failure)
Confirm with . or Enter, or press ? or * to list all spells.
Aiming: Bombard (dangerous; 7% risk of failure)
Press: ? - help, Shift-Dir - straight line, f/p - formless jellyfish
Aim: a formless jellyfish (translocational energy, severely wounded, confused, petrifying slowly, ally target, magic disrupted, 100% to hit)
McStabby avoids your attack.
The iron shot hits the formless jellyfish!!
The formless jellyfish is almost dead.
You feel very sick.
McStabby hits the formless jellyfish with a +0 dagger of draining!
The formless jellyfish stings McStabby!!
McStabby hits the formless jellyfish with a +0 dagger of draining!
The lindwurm breathes flames at you.
The blast of flame hits McStabby but does no damage.
The blast of flame hits you!!!
* * * LOW HITPOINT WARNING * * *
Unknown command.
You feel sick.
You feel sick.
You feel sick.
You feel sick.
You feel sick.
There is a stone staircase leading up here.
You feel sick. The lindwurm breathes flames at you.
The blast of flame hits McStabby!!
McStabby resists.
McStabby is destroyed!
The blast of flame hits you!
You die...

#§#...#
#$#...#
###.#.#
#.#.#k#
#.###.#
#)....#
###...#
#.....#
#...@.#
.........#
##########


You could see a lindwurm (catching breath).

Vanquished Creatures
  Rupert (D:14)
  Jorgrun (D:12)
  Donald (Shoals:1)
  The ghost of croobank the Unseen, an adept FeSu of Gozag (Vaults:1)
  A vault warden (Vaults:2)
  3 emperor scorpions
  Louise (Shoals:4)
  2 ghost moths (Spider:4)
  An orc warlord (Orc:2)
  An ironbound preserver (D:14)
  A broodmother (Spider:3)
  4 dire elephants
  A spark wasp (Spider:4)
  A merfolk javelineer (Shoals:4)
  Snorg (D:14)
  2 fire dragons
  An ettin (Orc:1)
  A yaktaur captain (Vaults:1)
  4 merfolk impalers
  The ghost of TransRights the Cleaver, a journeyman MiFi (D:11)
  4 entropy weavers
  An ice dragon (D:15)
  7 hydras
  A jorogumo (Spider:4)
  An ogre mage (Orc:1)
  A peacekeeper (Vaults:1)
  3 centaur warriors
  2 catoblepae (Lair:5)
  8 boulder beetles
  A merfolk aquamancer (Shoals:3)
  An ironbound frostheart (Vaults:1)
  A tengu warrior (D:11)
  3 satyrs
  2 merfolk avatars
  8 two-headed ogres
  2 death yaks (Lair:5)
  A deep troll shaman (Lair:5)
  2 demonic crawlers (Spider:4)
  3 orc high priests
  5 skysharks
  Sonja (D:12)
  3 pharaoh ants
  3 skeletal warriors (D:13)
  5 sea snakes
  5 deep trolls
  A sun moth (Spider:4)
  An arcanist (Vaults:1)
  9 orb spiders
  3 ironbound convokers (Vaults:1)
  27 harpies
  3 lindwurms (Vaults:1)
  Pikel (D:5)
  A deep elf pyromancer (D:15)
  4 orc sorcerers (Orc:2)
  5 steelbarb worms
  4 orc knights
  4 cyclopes
  10 ugly things
  3 meliai (Spider:4)
  12 wolf spiders
  Maurice (D:7)
  7 fauns
  A moth of wrath (Spider:1)
  3 merfolk sirens
  14 elephants
  5 black mambas
  Joseph (D:7)
  9 manticores
  3 vault sentinels (Vaults:1)
  2 water nymphs
  A gargoyle (D:11)
  3 torpor snails
  9 cane toads
  A rime drake (Lair:5)
  A freezing wraith (D:15)
  A yaktaur (Vaults:1)
  Jeremiah (D:8)
  A kobold demonologist (D:14)
  8 komodo dragons
  7 trolls
  3 polar bears
  7 merfolk
  13 tarantellas
  5 wind drakes
  5 snapping turtles
  A blink frog (shapeshifter) (D:10)
  4 dream sheep
  17 blink frogs
  24 jumping spiders
  15 slime creatures
  12 culicivoras
  A vampire (D:11)
  A centaur simulacrum (D:14)
  Sigmund (D:3)
  A shadow (D:12)
  5 water elementals
  A human (D:10)
  A wraith (D:14)
  31 yaks
  6 basilisks
  7 wyverns
  Grum (D:8)
  A warg (Orc:1)
  A steam dragon (D:8)
  25 redbacks
  5 vampire mosquitoes
  12 water moccasins
  An ice beast (D:6)
  25 orc warriors
  A sky beast (D:8)
  2 black bears
  13 wolves
  10 ogres
  2 centaurs
  2 hexers
  A lemure (D:5)
  2 phantoms
  A kobold brigand (D:7)
  Blork the orc (D:6)
  2 gnoll sergeants
  7 bullfrogs
  4 necrophages
  9 wights
  4 killer bees (D:11)
  3 vampire bats (D:13)
  3 howler monkeys
  4 electric eels
  8 hounds
  8 jellies
  24 orc priests
  2 gnoll boudas
  A sleepcap (D:7)
  An iguana (D:7)
  24 orc wizards
  10 gnolls
  7 adders
  A shadow imp (D:7)
  A white imp (D:6)
  A bombardier beetle (D:4)
  2 ufetubi (D:6)
  2 ribbon worms
  2 dart slugs
  80 orcs
  2 bat skeletons (D:13)
  4 bat zombies (D:13)
  4 endoplasms
  8 giant cockroaches
  3 goblins
  5 hobgoblins
  10 jackals
  4 quokkas
  7 ball pythons
  5 bats
  4 frilled lizards
  14 kobolds
  5 rats
823 creatures vanquished.

Vanquished Creatures (collateral kills)
  Aizul (Shoals:1)
  2 ghost moths (Spider:4)
  An emperor scorpion (Spider:3)
  A war gargoyle (Vaults:1)
  A fire dragon (Lair:2)
  A jorogumo (Spider:3)
  A radroach (Spider:4)
  2 merfolk avatars (Shoals:2)
  Erica (D:8)
  A catoblepas (Lair:4)
  A two-headed ogre (D:9)
  3 death yaks (Lair:5)
  2 orc high priests
  An orb spider (Spider:2)
  A harpy (Shoals:2)
  An ironbound convoker (Vaults:1)
  A faun (Shoals:1)
  An ugly thing (D:14)
  A cyclops (D:11)
  A wolf spider (Spider:4)
  5 manticores
  3 water nymphs
  A black mamba (Lair:5)
  A rime drake (Lair:3)
  A komodo dragon (D:10)
  An unseen horror (D:11)
  4 merfolk
  A troll (D:10)
  9 tarantellas
  3 blink frogs
  A snapping turtle (Shoals:2)
  3 dream sheep
  4 jumping spiders
  A culicivora (Spider:4)
  8 slime creatures
  2 water elementals
  A fire elemental (Lair:2)
  2 wargs (Orc:1)
  16 yaks
  12 redbacks
  2 water moccasins
  11 orc warriors
  A wolf (Lair:5)
  2 ogres
  A scorpion (D:7)
  5 wights
  A killer bee (D:11)
  A hound (D:6)
  A jelly (Lair:4)
  4 orc priests
  15 orc wizards
  A sleepcap (D:7)
  5 gnolls
  35 orcs
  7 goblins (D:5)
196 creatures vanquished.

Vanquished Creatures (others)
  A wolf spider (Spider:1)
  An orc wizard (Orc:2)
  33 hexers
  2 ancestors (D:5)
37 creatures vanquished.

Grand Total: 1056 creatures vanquished

Notes
Turn   | Place    | Note
-------+----------+-------------------------------------------
     0 | D:1      | Midn8 the Vine Stalker Earth Elementalist began the quest
                  | for the Orb.
     0 | D:1      | Reached XP level 1. HP: 9/9 MP: 4/4
   269 | D:1      | Reached XP level 2. HP: 13/13 MP: 4/6
   772 | D:1      | Reached XP level 3. HP: 16/16 MP: 7/9
   775 | D:1      | Learned a level 3 spell: Passwall
  1142 | D:2      | Learned a level 3 spell: Stone Arrow
  1380 | D:2      | Reached XP level 4. HP: 21/21 MP: 11/11
  2234 | D:3      | Identified the +2 robe of the Cockatrice {+Blink}
  2246 | D:3      | Noticed an ogre
  2253 | D:3      | Killed an ogre
  2254 | D:3      | Reached XP level 5. HP: 24/24 MP: 8/12
  2276 | D:3      | Reached skill level 5 in Earth Magic
  2289 | D:3      | Reached skill level 1 in Conjurations
  2510 | D:3      | Noticed Sigmund
  2514 | D:3      | Killed Sigmund
  2515 | D:3      | Reached XP level 6. HP: 28/28 MP: 10/13
  2754 | D:3      | Found a hazy altar of Hepliaklqana.
  3005 | D:3      | Became a worshipper of Hepliaklqana the Forgotten
  3208 | D:4      | Reached XP level 7. HP: 22/32 MP: 2/14
  3329 | D:4      | Reached skill level 5 in Conjurations
  3366 | D:4      | Reached skill level 3 in Stealth
  3493 | D:4      | Found a staircase to the Ecumenical Temple.
  3494 | D:4      | Reached * piety under Hepliaklqana
  3733 | D:4      | Reached skill level 4 in Stealth
  3829 | D:5      | Entered Level 5 of the Dungeon
  3951 | D:5      | Reached skill level 5 in Stealth
  3997 | D:5      | Noticed Pikel
  4045 | D:5      | Killed Pikel
  4046 | D:5      | Gained mutation: You have razor-sharp teeth. [Vine Stalker
                  | growth]
  4046 | D:5      | Reached XP level 8. HP: 32/32 MP: 2/15
  4383 | D:5      | Learned a level 4 spell: Petrify
  4662 | D:5      | Identified the amulet "Puushic" {Faith -Tele rPois Int+2}
  5098 | D:6      | Reached XP level 9. HP: 35/35 MP: 12/16
  5171 | D:6      | Found a runed translucent gate.
  5172 | D:6      | Found a runed translucent gate.
  5172 | D:6      | Identified the +4 plate armour of Irksome Contentment
                  | {Rampage ^Drain rC++ Str+3}
  5172 | D:6      | Noticed DApurpleWHUMPUS's ghost (novice OnFE)
  5173 | D:6      | Found a runed translucent gate.
  5283 | D:6      | Reached skill level 5 in Alchemy
  5462 | D:6      | Reached skill level 1 in Fighting
  5890 | D:6      | Noticed Blork the orc
  5903 | D:6      | Killed Blork the orc
  6040 | D:6      | Reached ** piety under Hepliaklqana
  6041 | D:6      | Remembered your ancestor McStabby as a hexer
  6340 | D:7      | Reached skill level 1 in Short Blades
  6395 | D:7      | Noticed Joseph
  6490 | D:7      | Killed Joseph
  6525 | D:7      | Found an opulent altar of Gozag.
  6526 | D:7      | Found a runed translucent gate.
  6526 | D:7      | Found a runed translucent gate.
  6526 | D:7      | Found a runed translucent gate.
  6527 | D:7      | Noticed hgbash's ghost (novice TrFi)
  6527 | D:7      | Noticed a cyclops
  6527 | D:7      | Noticed a boulder beetle
  6687 | D:7      | Noticed Maurice
  6769 | D:7      | Killed Maurice
  6770 | D:7      | Reached XP level 10. HP: 44/44 MP: 17/17
  6818 | D:7      | Found a glowing silver altar of Zin.
  7350 | D:8      | Reached skill level 10 in Earth Magic
  7830 | D:8      | Noticed Grum
  7841 | D:8      | Killed Grum
  7842 | D:8      | Reached skill level 5 in Spellcasting
  7990 | D:8      | Found a transporter.
  7990 | D:8      | Found a transporter.
  7992 | D:8      | Noticed Jeremiah
  8051 | D:8      | Killed Jeremiah
  8057 | D:8      | Identified the +5 ring mail "Ceetiuga" {Harm Will+ Str+2}
  8115 | D:8      | Noticed Erica
  8133 | D:8      | Killed Erica
  8362 | D:8      | Found Lorophox's Magic Scroll Shoppe.
  8513 | D:8      | Bought a scroll of teleportation for 39 gold pieces
  8513 | D:8      | Bought a scroll of butterflies for 52 gold pieces
  8513 | D:8      | Bought a scroll of enchant armour for 97 gold pieces
  8513 | D:8      | Bought a scroll of teleportation for 39 gold pieces
  8662 | D:9      | Reached *** piety under Hepliaklqana
  8718 | D:9      | Reached skill level 6 in Stealth
  8736 | D:9      | Learned a level 3 spell: Mephitic Cloud
  8757 | D:9      | Found a bloodstained altar of Trog.
  8812 | D:9      | Reached skill level 7 in Stealth
  8880 | D:9      | Noticed a two-headed ogre
  8889 | D:9      | Reached XP level 11. HP: 46/46 MP: 7/21
  8891 | D:9      | Killed a two-headed ogre
  8892 | D:9      | Reached skill level 8 in Stealth
  9025 | D:9      | Reached skill level 5 in Short Blades
  9868 | D:8      | Bought a scroll of enchant weapon for 97 gold pieces
  9917 | D:10     | Entered Level 10 of the Dungeon
  9942 | D:10     | Identified the +10 plate armour of Panentheism {Fly MP+9
                  | Dex+2}
 10132 | D:10     | Found a staircase to the Orcish Mines.
 10360 | D:10     | Reached skill level 5 in Fighting
 10373 | D:10     | Reached skill level 1 in Invocations
 10415 | D:10     | Found a runed translucent door.
 10419 | D:10     | Found a basalt altar of Yredelemnul.
 10874 | D:10     | Found a stormy altar of Qazlal.
 10975 | D:10     | Found a shimmering altar of Xom.
 10975 | D:10     | Found a burning altar of Makhleb.
 11053 | D:10     | Noticed a two-headed ogre
 11054 | D:10     | Found a sacrificial altar of Ru.
 11065 | D:10     | Killed a two-headed ogre
 11193 | D:10     | Found a staircase to the Lair.
 11360 | D:10     | Reached **** piety under Hepliaklqana
 11450 | Lair:1   | Entered Level 1 of the Lair of Beasts
 11600 | Lair:1   | Reached XP level 12. HP: 54/54 MP: 18/22
 12937 | Lair:2   | Found a hole to the Spider Nest.
 13088 | Lair:2   | Noticed a six-headed hydra
 13094 | Lair:2   | Killed a six-headed hydra
 13208 | Lair:2   | Found a staircase to the Shoals.
 13410 | Lair:2   | Noticed a fire dragon
 13510 | Lair:3   | Learned a level 5 spell: Lee's Rapid Deconstruction
 13620 | Lair:3   | Noticed a skyshark
 13655 | Lair:3   | Killed a skyshark
 13684 | Lair:3   | Reached ***** piety under Hepliaklqana
 13795 | Lair:3   | Reached skill level 10 in Short Blades
 13923 | Lair:3   | Reached XP level 13. HP: 60/60 MP: 18/23
 13930 | Lair:3   | Reached skill level 9 in Stealth
 14409 | Lair:3   | Reached skill level 10 in Stealth
 14667 | Lair:3   | Reached skill level 11 in Stealth
 15015 | Lair:4   | Reached skill level 12 in Stealth
 15151 | Lair:4   | Found a viscous altar of Jiyva.
 15184 | Lair:4   | Reached skill level 5 in Invocations
 15434 | Lair:4   | Found a staircase to the Slime Pits.
 15624 | Lair:5   | Entered Level 5 of the Lair of Beasts
 16041 | Lair:5   | Reached XP level 14. HP: 64/64 MP: 2/24
 16644 | Lair:5   | Reached skill level 13 in Stealth
 17000 | Lair:5   | Noticed a dire elephant
 17014 | Lair:5   | Killed a dire elephant
 17015 | Lair:5   | Reached skill level 14 in Stealth
 18108 | D:11     | Identified the maw talisman of the Ward {rF+}
 18317 | D:11     | Found a runed translucent door.
 18317 | D:11     | Noticed TransRights's ghost (journeyman MiFi)
 18533 | D:12     | Noticed Jorgrun
 18538 | D:12     | Killed Jorgrun
 18665 | D:12     | Noticed Sonja
 18672 | D:12     | Killed Sonja
 18731 | D:12     | Found a sacrificial altar of Ru.
 20400 | D:13     | Reached skill level 5 in Dodging
 20585 | D:13     | Gained mutation: You are clumsy. (Dex -2) [potion of
                  | mutation]
 20585 | D:13     | Gained mutation: You are partially covered in iridescent
                  | scales. (AC +2) [potion of mutation]
 20585 | D:13     | Gained mutation: Your movements are slightly less
                  | encumbered by armour. (ER -2) [potion of mutation]
 20907 | D:13     | Reached XP level 15. HP: 67/67 MP: 24/28
 21027 | D:13     | Found an ancient bone altar of Kikubaaqudgha.
 21606 | D:14     | Noticed Snorg
 21977 | D:14     | Killed Snorg
 23263 | D:14     | Reached ****** piety under Hepliaklqana
 23329 | D:14     | Noticed Rupert
 23348 | D:14     | Killed Rupert
 23419 | D:14     | Found a gate to the Vaults.
 23507 | D:15     | Entered Level 15 of the Dungeon
 23608 | D:15     | Found Siemazao's Jewellery Emporium.
 23763 | D:15     | Found a white marble altar of Elyvilon.
 24244 | D:15     | Found a staircase to the Depths.
 24327 | D:15     | Found a runed translucent gate.
 24328 | D:15     | Found a runed translucent gate.
 24329 | D:15     | Found a runed translucent gate.
 24330 | D:15     | Noticed Bialiabluu's ghost (adept GrEE)
 24666 | Orc:1    | Entered Level 1 of the Orcish Mines
 25131 | Orc:1    | Learned a level 6 spell: Bombard
 25430 | Orc:2    | Entered Level 2 of the Orcish Mines
 25475 | Orc:2    | Found a staircase to the Elven Halls.
 25687 | Orc:2    | Reached skill level 10 in Conjurations
 26162 | Orc:2    | Reached XP level 16. HP: 72/72 MP: 17/29
 26537 | Orc:2    | Found Acyttonn's General Store.
 26538 | Orc:2    | Found Yhojopn's Jewellery Shop.
 26540 | Orc:2    | Found Lopsareb's Antique Armour Boutique.
 26540 | Orc:2    | Found Zisuir's Antique Weapon Boutique.
 26830 | Spider:1 | Entered Level 1 of the Spider Nest
 27166 | Lair:2   | Reached skill level 15 in Stealth
 27406 | Lair:2   | Upgraded the game from 0.31-a0-1338-gb567cfdca4 to
                  | 0.31-a0-1576-ga3383bade6
 27659 | Lair:2   | Reached skill level 1 in Shields
 27721 | Shoals:1 | Entered Level 1 of the Shoals
 27724 | Shoals:1 | Noticed Donald
 27727 | Shoals:1 | Identified the serpent talisman of the Merchant {rC- Str+2
                  | Dex+3}
 27727 | Shoals:1 | Noticed Aizul
 27737 | Shoals:1 | Killed Aizul
 28396 | Shoals:1 | Killed Donald
 28866 | Shoals:2 | Got the Vellum of Spatial Death
 29100 | Shoals:2 | Reached skill level 5 in Shields
 30558 | Shoals:4 | Entered Level 4 of the Shoals
 30561 | Shoals:4 | Reached XP level 17. HP: 76/76 MP: 30/30
 30568 | Shoals:4 | Noticed Mara
 30569 | Shoals:4 | Noticed Ilsuiw
 31526 | Shoals:4 | Got a barnacled rune of Zot
 31762 | Shoals:4 | Noticed Louise
 31949 | Shoals:4 | Killed Louise
 32252 | Shoals:3 | Found a blossoming altar of Fedhas.
 32461 | Shoals:4 | Noticed Midn8's illusion
 32595 | Shoals:4 | Noticed Midn8's illusion
 35082 | Spider:3 | Reached skill level 10 in Fighting
 35458 | Spider:4 | Entered Level 4 of the Spider Nest
 36013 | Spider:4 | Reached XP level 18. HP: 69/83 MP: 26/32
 36015 | Spider:4 | Reached skill level 10 in Spellcasting
 36059 | Spider:4 | Learned a level 4 spell: Leda's Liquefaction
 36609 | Spider:4 | Reached skill level 10 in Shields
 37355 | Spider:4 | Got a gossamer rune of Zot
 37646 | D:11     | Killed TransRights's ghost
 38060 | Vaults:1 | Entered Level 1 of the Vaults
 38832 | Vaults:1 | Found a runed translucent gate.
 38833 | Vaults:1 | Found a runed translucent gate.
 38833 | Vaults:1 | Found a runed translucent gate.
 38833 | Vaults:1 | Noticed croobank's ghost (adept FeSu)
 38839 | Vaults:1 | Killed croobank's ghost
 38844 | Vaults:1 | Identified the staff "Zoseinex" {rC+ rN+ Necro}
 40063 | Vaults:2 | Paralysed by a formless jellyfish for 1 turns
 40071 | Vaults:2 | HP: 4/83 [lindwurm/blast of flame (26)]
 40076 | Vaults:2 | HP: 4/83 [poisoned by a formless jellyfish]
 40077 | Vaults:2 | Killed from afar by a lindwurm

Illustrated notes

Levels and vault maps discovered:
D:1:      tarquinn_simple_flora_water_a, layout_loops_ring
D:2:      layout_basic, serial_forest, infiniplex_forest_straight_2,
          infiniplex_forest_clump_double, infiniplex_forest_end_2,
          infiniplex_forest_end_2
D:3:      layout_basic, worldfamousw_hep_ancestral_shrine,
          kennysheep_decorative_pillar, due_unseen_surprise, uniq_sigmund
D:4:      layout_cave_pools, minmay_temple_entry_junction, serial_column_ruins,
          column_ruins_circle_large, column_ruins_columns_corner,
          column_ruins_open_tiny, column_ruins_grid_2, column_ruins_open_medium,
          column_ruins_open_medium, column_ruins_grid_1
D:5:      layout_basic, minmay_ogre_servants, uniq_pikel
D:6:      layout_loops_cross, biasface_ghost_orc_armoury, uniq_blork_the_orc
D:7:      layout_basic, mainiacjoe_overflow_chevrons, ebering_ghost_gozag,
          minivault_1, minivault_4, uniq_joseph, uniq_maurice
D:8:      gammafunk_beogh_shrine, layout_loops_corners, serial_shops,
          nicolae_shop_hallway_stairs, uniq_erica, uniq_grum, uniq_jeremiah
D:9:      layout_loops_cross, trog_three_pillars_becter, grunt_decor_arrowhead,
          kb_lookout_dungeons_type
D:10:     layout_long_grid, grunt_qazlal_clouds, dk_yredelemnul_ordeal,
          gammafunk_temple_overflow_claw, david_orc_5,
          small_statue_intersection, minmay_chambers_of_fives
D:11:     layout_big_octagon, gammafunk_ghost_grave
D:12:     layout_basic, serial_glass, glass_columns_a, glass_columns_a,
          feat_on_display, feat_on_display, nicolae_ru_path_of_blood,
          uniq_sonja, uniq_jorgrun
D:13:     layout_roguey, kennysheep_vampire_church
D:14:     layout_loops_corners, hellmonk_vaults_attempted_burglary,
          minivault_25, uniq_snorg, uniq_rupert
D:15:     grunt_enter_depths_hoard, layout_long_grid, serial_shops, shop,
          nicolae_elyvilon_temple_path, gammafunk_ghost_tricky_traps,
          palyth_stone_intersect, grunt_ministairs_1
Lair:1:   layout_hall_layers
Lair:2:   dragon1_lemuel, layout_misc_corridors, elwin_shoals_entry_rocks,
          spider_nest_entry_web_field, nicolae_lair_run_with_the_wolves,
          grunt_megastairs_5, serial_bayou_shore_b
Lair:3:   layout_regular_city, lemuel_fruit_tree
Lair:4:   layout_cave_shapes, nicolae_slime_entry_field_trip,
          roderic_carrion_pond
Lair:5:   grunt_lair_end_beastmaster, layout_misc_corridors, serial_bayou_pond_b
Shoals:1: layout_shoals, uniq_aizul, uniq_donald
Shoals:2: layout_shoals
Shoals:3: layout_shoals, lemuel_oklob_altar
Shoals:4: shoals_end_hangedman, layout_shoals, shoals_ilsuiw_alternative,
          uniq_louise, uniq_mara
Spider:1: layout_spider_delve
Spider:2: layout_spider_delve, hangedman_spider_tarantella_strand
Spider:3: layout_cave_pods, nicolae_spider_webbed_stairs
Spider:4: grunt_spider_rune_parallel, guppyfry_spider_mini_3
Orc:1:    layout_caves, bh_open_orc_temple
Orc:2:    st_orc_congregation, layout_diamond_mine
Vaults:1: ebering_ghost_rock_garden, nicolae_vaults_closet_pinwheel_1,
          v_misc_24, vaults_dpeg_ring, v_misc_8, vaults_mumra_hexcomb,
          nicolae_vaults_shipping_containers_4,
          nicolae_vaults_windows_and_doors_thing, layout_vaults_omnigrid
Vaults:2: nicolae_vaults_hallways_thing, nicolae_vaults_network_star,
          nicolae_vaults_double_plus_1, v_misc_15, v_misc_15,
          nicolae_vaults_double_plus_2, hangedman_vaults_snaps, v_misc_31,
          v_misc_2, v_misc_30, nicolae_vaults_double_plus_2,
          nicolae_vaults_library_corner, nicolae_vaults_mini_display_case,
          layout_vaults_maze, minmay_crypt_entry_simple_box

Skill      XL: |  1  2  3  4  5  6  7  8  9 10 11 12 13 14 15 16 17 18 |
---------------+-------------------------------------------------------+-----
Spellcasting   | 3 4 6 8 9 10 | 10.0
Earth Magic    | 4 5 7 8 9 10 11 12 14 | 14.0
Conjurations   | 3 4 5 6 10 11 13 14 | 14.0
Stealth        | 5 7 8 12 14 15 | 15.3
Alchemy        | 4 6 8 |  8.0
Fighting       | 3 5 7 8 10 | 10.0
Short Blades   | 4 6 10 | 10.0
Evocations     | 4 |  4.0
Invocations    | 4 8 |  8.0
Dodging        | 5 7 |  7.0
Shields        | 7 9 10 | 10.8

Action                     |  1- 3 |  4- 6 |  7- 9 | 10-12 | 13-15 | 16-18 || total
---------------------------+-------+-------+-------+-------+-------+-------++-------
  Melee: Mace              |     4 |       |       |       |       |       ||     4
         Bite              |     6 |    30 |    40 |   182 |   273 |   318 ||   849
         Dagger            |    13 |    68 |   115 |   423 |   340 |       ||   959
         Short sword       |     5 |       |       |       |   297 |   780 ||  1082
         Punch             |       |     2 |     3 |     8 |     3 |     4 ||    20
  Throw: Dart              |       |     8 |       |       |       |    12 ||    20
   Cast: Sandblast         |    48 |    31 |    52 |       |       |       ||   131
         Stone Arrow       |       |     2 |    39 |    38 |    98 |    62 ||   239
         Petrify           |       |       |     2 |    49 |    86 |   122 ||   259
         Passwall          |       |       |     2 |    22 |    34 |    36 ||    94
         Mephitic Cloud    |       |       |       |     7 |     1 |     6 ||    14
         Lee's Rapid Decon |       |       |       |       |    57 |    15 ||    72
         Bombard           |       |       |       |       |       |    27 ||    27
         Leda's Liquefacti |       |       |       |       |       |     1 ||     1
 Invoke: Ancestor Identity |       |       |     1 |       |       |       ||     1
         Recall Ancestor   |       |       |     1 |     4 |    10 |    25 ||    40
         Ancestor Life: He |       |       |     1 |       |       |       ||     1
         Transference      |       |       |       |       |     1 |       ||     1
         Idealise          |       |       |       |       |     1 |     1 ||     2
Ability: Evoke Blink       |       |       |       |       |       |     3 ||     3
  Evoke: Wand              |       |       |       |     1 |     4 |     6 ||    11
    Use: Scroll            |       |     8 |     2 |    16 |    13 |    10 ||    49
         Potion            |       |       |       |     1 |     1 |     6 ||     8
   Stab: Sleeping          |     1 |     3 |     5 |    23 |    41 |    43 ||   116
         Distracted        |       |       |     1 |     2 |     2 |     7 ||    12
         Petrified         |       |       |     9 |    19 |    31 |    56 ||   115
         Confused          |       |       |     1 |    14 |    11 |    23 ||    49
         Petrifying        |       |       |       |    18 |    16 |    33 ||    67
         Paralysed         |       |       |       |       |    23 |    63 ||    86
         Invisible         |       |       |       |       |       |     1 ||     1
 Armour: Robe              |    19 |    22 |    70 |   222 |   338 |   484 ||  1155
  Dodge: Dodged            |    23 |    27 |    50 |   158 |   275 |   481 ||  1014
  Block: Kite shield       |       |       |       |       |       |   417 ||   417
         Reflection        |       |       |       |       |       |    19 ||    19

Table legend: (Time is in decaauts)
 A = Elapsed time spent in this place.
 B = Non-inter-level travel time spent in this place.
 C = Inter-level travel time spent in this place.
 D = Time resting spent in this place.
 E = Time spent auto-exploring this place.
 F = Levels seen in this place.
 G = Mean time per level.
                   A        B        C        D        E       F      G
               +--------+--------+--------+--------+--------+-----+--------+
         Total |  39751 |  36437 |   3314 |  11517 |  13794 |  32 | 1242.2 |
       Dungeon |  18784 |  16803 |   1981 |   4521 |   8790 |  15 | 1252.3 |
          Lair |   7220 |   6608 |    612 |   2555 |   2216 |   5 | 1444.0 |
        Shoals |   5071 |   4746 |    325 |   1821 |    963 |   4 | 1267.8 |
   Spider Nest |   4939 |   4615 |    324 |   1497 |    835 |   4 | 1234.8 |
  Orcish Mines |   1984 |   1940 |     44 |    579 |    644 |   2 |  992.0 |
        Vaults |   1750 |   1724 |     26 |    544 |    345 |   2 |  875.0 |
               +--------+--------+--------+--------+--------+-----+--------+

Top non-repeatable levels by time:
  Lair:5: 2084 daAuts
Spider:4: 1863 daAuts
    D:14: 1834 daAuts
    D:10: 1814 daAuts
Vaults:1: 1718 daAuts
  Lair:2: 1651 daAuts
Spider:2: 1623 daAuts
Shoals:3: 1502 daAuts
     D:8: 1479 daAuts
  Lair:3: 1462 daAuts
    D:13: 1379 daAuts
Shoals:2: 1365 daAuts
     D:6: 1344 daAuts
  Lair:1: 1302 daAuts
     D:5: 1297 daAuts
